 Dungeon Crawl Stone Soup version 0.30-a0-802-gb92711bcdf (webtiles) character file.

Game seed: 6697944518956714833

335 Twinkles the Trooper (level 6, -4/66 HPs)
             Began as an Ogre Reaver on Feb 23, 2023.
             Slain by a goblin
             ... wielding a +0 club
              (6 damage)
             ... on level 3 of the Dungeon on Feb 25, 2023.
             The game lasted 00:14:19 (2038 turns).

Twinkles the Trooper (Ogre Reaver)                  Turns: 2038, Time: 00:14:20

Health: -4/66      AC:  5    Str: 17    XL:     6   Next: 53%
Magic:  8/10       EV: 10    Int: 16    God:
Gold:   88         SH:  0    Dex:  7    Spells: 8/11 levels left

rFire   . . .      SeeInvis .    a - +0 mace
rCold   . . .      Faith    .    (no shield)
rNeg    . . .      Spirit   .    b - +0 robe
rPois   .          Reflect  .    c - +2 hat
rElec   .          Harm     .    (no cloak)
rCorr   .          Rampage  .    (gloves unavailable)
Will    .....                    (boots unavailable)
Stlth   +                        o - amulet of the acrobat
HPRegen 0.31/turn                (no ring)
MPRegen 0.12/turn                (no ring)

@: immotile
A: large, unfitting armour, tough skin 1
a: no special abilities


You were on level 3 of the Dungeon.
You visited 1 branch of the dungeon, and saw 3 of its levels.

You collected 88 gold pieces.

Inventory:

Hand Weapons
 a - a +0 mace (weapon)
Missiles
 l - 5 poisoned darts
Armour
 b - a +0 robe (worn)
 c - a +2 hat (worn)
Jewellery
 o - an amulet of the acrobat (around neck)
Scrolls
 d - a scroll of immolation {unknown}
 e - 2 scrolls of noise {unknown}
 f - 4 scrolls of identify {unknown}
 i - a scroll of teleportation {unknown}
 k - a scroll of poison {unknown}
 m - a scroll of vulnerability {unknown}
 n - a scroll of magic mapping {unknown}
Potions
 g - a potion of lignification {unknown}
 h - 2 potions of curing {unknown}
 j - a potion of invisibility {unknown}


   Skills:
 + Level 5.2 Fighting
 + Level 4.1 Maces & Flails
 + Level 3.5 Dodging
 - Level 3.1 Spellcasting
 - Level 2.9 Conjurations


You had 8 spell levels left.
You knew the following spells:

 Your Spells              Type           Power      Damage    Failure   Level
a - Kiss of Death         Conj/Necr      28%        2d7       11%         1
b - Momentum Strike       Conj/Tloc      14%        3d8       16%         2

Your spell library contained the following spells:

 Spells                   Type           Power      Damage    Failure   Level
 Slow                     Hex            8%         N/A       19%         1
 Hailstorm                Conj/Ice       7%         3d4       30%         3
 Confusing Touch          Hex            2%         N/A       50%         3
 Vampiric Draining        Necr           2%         2d6       50%         3
 Airstrike                Air            1%         2d(1-17)  88%         4
 Summon Lightning Spire   Summ/Air       2%         N/A       88%         4
 Lightning Bolt           Conj/Air       3%         1d15      96%         5


Dungeon Overview and Level Annotations

Branches:
Dungeon (3/15) Zot: 15908

Altars:

Annotations:
D:3 Robin


Innate Abilities, Weirdness & Mutations

You are too large for most types of armour.
You have tough skin. (AC +1)


Message History

The hobgoblin hits you.
* * * LOW HITPOINT WARNING * * *
Cast which spell? (? or * to list)
Okay, then.
Unknown command.
Cast which spell? (? or * to list)
Aiming: Momentum Strike (safe; 16% risk of failure)
Press: ? - help, Dir - move target, f - hobgoblin
Aim: a hobgoblin (strong, 68% to hit)
The concentrated momentum hits the hobgoblin!!
You kill the hobgoblin!
You are unable to move.
The goblin hits you but does no damage.
Robin roars a battlecry!
The goblin goes into a battle-frenzy!
You thump the hobgoblin!
You kill the hobgoblin!
The goblin hits you with a +0 club.
* * * LOW HITPOINT WARNING * * *
Robin says, "A pitiful Ogre like you will never find the ORB!"
Robin barely misses you.
You hit the hobgoblin.
The hobgoblin is almost dead.
The goblin barely misses you.
Robin hits you from afar with a +0 spear.
* * * LOW HITPOINT WARNING * * *
The hobgoblin hits you.
* * * LOW HITPOINT WARNING * * *
You hit the hobgoblin.
You kill the hobgoblin!
Robin hits you from afar with a +0 spear.
* * * LOW HITPOINT WARNING * * *
The goblin closely misses you.
You cannot move.
You hit the goblin.
The goblin is moderately wounded.
Robin says, "Duck!"
Robin hits you from afar with a +0 spear.
* * * LOW HITPOINT WARNING * * *
The goblin hits you with a +0 club.
You die...

...........P.
............PP
♣........#..P ♣...........
.#... P ♣.........♣ ♣.#..g
P♣♣.......PP♣♣ .P....
............g♣♣ ♣P..g..
♣.........)@♣ .♣P....
♣♣........g♣♣♣♣♣..g.... .
♣........#...PPP....... .
♣♣......>.#g†...gg...PP
.♣♣#.#...#...#...........♣
..)#.#...#...#...........♣
...#.#.......#.........P♣♣
...#........##........P.♣
............##.........P♣


You could see Robin and a goblin (strong).

Vanquished Creatures
  Sigmund (D:2)
  Natasha (thrice) (D:2)
  5 adders
  2 dart slugs (D:2)
  6 endoplasms
  2 giant cockroaches
  8 goblins
  6 hobgoblins
  9 kobolds
  2 quokkas
  4 ball pythons
  5 bats
  A frilled lizard (D:1)
  4 rats
58 creatures vanquished.

Vanquished Creatures (others)
  5 plants (D:3)
5 creatures vanquished.

Grand Total: 63 creatures vanquished

Notes
Turn   | Place    | Note
-------+----------+-------------------------------------------
     0 | D:1      | Twinkles the Ogre Reaver began the quest for the Orb.
     0 | D:1      | Reached XP level 1. HP: 22/22 MP: 3/3
   222 | D:1      | Reached XP level 2. HP: 29/29 MP: 5/5
   472 | D:1      | Reached skill level 3 in Fighting
   695 | D:2      | Noticed Natasha
   747 | D:2      | Upgraded the game from 0.30-a0-800-g7c544603b3 to
                  | 0.30-a0-802-gb92711bcdf
   788 | D:2      | Reached XP level 3. HP: 21/37 MP: 7/7
  1045 | D:2      | Killed Natasha
  1046 | D:2      | Reached XP level 4. HP: 22/46 MP: 8/8
  1182 | D:2      | Noticed Natasha
  1194 | D:2      | Killed Natasha
  1221 | D:2      | Noticed Natasha
  1231 | D:2      | Killed Natasha
  1232 | D:2      | Reached skill level 4 in Fighting
  1232 | D:2      | Reached XP level 5. HP: 41/54 MP: 9/9
  1310 | D:2      | Learned a level 2 spell: Momentum Strike
  1379 | D:2      | Found a faded altar of an unknown god.
  1545 | D:2      | Noticed Sigmund
  1559 | D:2      | Killed Sigmund
  1560 | D:2      | Reached skill level 5 in Fighting
  1560 | D:2      | Reached XP level 6. HP: 56/66 MP: 5/10
  1996 | D:3      | Noticed Robin
  2033 | D:3      | HP: 18/66 [goblin/+0 club (2)]
  2036 | D:3      | HP: 8/66 [Robin/+0 spear (3)]
  2038 | D:3      | HP: 2/66 [Robin/+0 spear (4)]
  2038 | D:3      | Slain by a goblin

Illustrated notes

Levels and vault maps discovered:
D:1:      nicolae_arrival_washed_ashore, layout_basic
D:2:      layout_rooms, hellmonk_ecumenical_altar_heavens_door, uniq_natasha,
          uniq_sigmund
D:3:      layout_basic, serial_forest, infiniplex_forest_clump_diagonal,
          infiniplex_forest_clump_small, infiniplex_forest_lined_room_2,
          infiniplex_forest_fountain, infiniplex_forest_clump_long,
          infiniplex_forest_straight_2, infiniplex_forest_zigzag_1,
          infiniplex_forest_clump_large, minivault_19, uniq_robin

Skill      XL: |  1  2  3  4  5 |
---------------+----------------+-----
Dodging        | 2 3 |  3.5
Fighting       | 3 4 5 |  5.2
Maces & Flails | 3 4 |  4.1
Spellcasting   | 3 |  3.1
Conjurations   | |  2.9

Action                     |  1- 3 |  4- 6 || total
---------------------------+-------+-------++-------
  Melee: Mace              |   106 |   113 ||   219
   Cast: Momentum Strike   |       |     3 ||     3
         Kiss of Death     |       |     1 ||     1
   Stab: Sleeping          |     1 |       ||     1
 Armour: Robe              |    57 |    49 ||   106
  Dodge: Dodged            |    59 |    74 ||   133

Table legend: (Time is in decaauts)
 A = Elapsed time spent in this place.
 B = Non-inter-level travel time spent in this place.
 C = Inter-level travel time spent in this place.
 D = Time resting spent in this place.
 E = Time spent auto-exploring this place.
 F = Levels seen in this place.
 G = Mean time per level.
                   A        B        C        D        E       F      G
               +--------+--------+--------+--------+--------+-----+--------+
         Total |   2090 |   2006 |     84 |     72 |   1349 |   3 |  696.7 |
       Dungeon |   2090 |   2006 |     84 |     72 |   1349 |   3 |  696.7 |
               +--------+--------+--------+--------+--------+-----+--------+

Top non-repeatable levels by time:
     D:2: 995 daAuts
     D:1: 746 daAuts
     D:3: 348 daAuts
